 Dungeon Crawl Stone Soup version 0.24.0-123-gd5b16e6ec5 (webtiles) character file.

Game seed: 12573742955077261318, levelgen mode: deterministic

32212 Chiseanne the Covert (level 13, -6/96 HPs)
             Began as a Demonspawn Wanderer on Jan 24, 2020.
             Was a Believer of Ru.
             Mangled by a catoblepas (16 damage)
             ... on level 14 of the Dungeon.
             The game lasted 01:07:20 (22239 turns).

Chiseanne the Covert (Demonspawn Wanderer)         Turns: 22239, Time: 01:07:21

Health: -6/96      AC: 19    Str: 14    XL:     13   Next: 30%
Magic:  13/13      EV: 10    Int: 16    God:    Ru [**....]
Gold:   110        SH:  9    Dex: 14    Spells: 11/12 levels left

rFire    + + .     SeeInvis .   w - +2 hand crossbow
rCold    . . .     Gourm    .   F - +0 buckler
rNeg     . . .     Faith    .   Z - +1 chain mail {rF+}
rPois    +         Spirit   .   I - +1 hat
rElec    .         Reflect  .   R - +2 cloak {rPois}
rCorr    .         Harm     .   W - +0 pair of gloves
MR       .....                  h - +0 pair of boots
Stlth    +++.......             (no amulet)
HPRegen  0.26/turn              K - ring of protection from fire
MPRegen  0.13/turn              L - ring of poison resistance

@: no status effects
A: antennae 2, large bone plates 1, demonic guardian 1, low mp 1, nightstalker
2, unskilled 1
a: Renounce Religion


You were on level 14 of the Dungeon.
You worshipped Ru.
Ru was pleased with you.
You were not hungry.

You visited 2 branches of the dungeon, and saw 16 of its levels.

You collected 1384 gold pieces.
You spent 1274 gold pieces at shops.

Inventory:

Hand Weapons
 a - a +5 hand axe of electrocution
 d - a +3 long sword of freezing
 e - a +4 hunting sling
 f - a +2 war axe of chopping
 l - a +0 broad axe
 q - a +2 dagger of venom
 s - a +1 falchion of protection
 w - a +2 hand crossbow (weapon)
 M - a +1 mace of protection
 Y - a +1 vampiric trident
Missiles
 b - 67 bolts (quivered)
 p - 136 sling bullets
 t - 78 poisoned darts
 E - 33 boomerangs
Armour
 h - a +0 pair of boots (worn)
 r - a +0 shield
 F - a +0 buckler (worn)
 I - a +1 hat (worn)
 R - a +2 cloak of poison resistance (worn)
 W - a +0 pair of gloves (worn)
 Z - a +1 chain mail of fire resistance (worn)
Jewellery
 K - a ring of protection from fire (left hand)
 L - a ring of poison resistance (right hand)
Wands
 c - a wand of disintegration (9)
 m - a wand of flame (43)
 C - a wand of digging (8)
 O - a wand of enslavement (3)
 Q - a wand of random effects (8)
 T - a wand of scattershot (2)
 U - a wand of paralysis (8)
 V - a wand of acid (3)
Scrolls
 j - 3 scrolls of identify
 v - 2 scrolls of fog
 y - 10 scrolls of teleportation
 B - 3 scrolls of blinking
 D - a scroll of magic mapping
 J - 9 scrolls of remove curse
 X - 2 scrolls of amnesia
Potions
 i - 3 potions of agility
 k - 3 potions of heal wounds
 n - 2 potions of brilliance
 u - a potion of lignification
 x - a potion of flight
 z - 10 potions of curing
 A - 2 potions of cancellation
 G - 2 potions of mutation
 N - a potion of might
 S - 2 potions of resistance
Miscellaneous
 o - a lamp of fire (inert)
 H - a sack of spiders
Comestibles
 g - 20 rations
 P - 6 chunks of flesh


   Skills:
 - Level 7.0 Fighting
 * Level 7.8 Axes
 - Level 3.2 Crossbows
 * Level 9.6 Armour
 - Level 7.3 Dodging
 - Level 9.7 Stealth
 * Level 6.4 Shields
   Level 0.8 Transmutations
   Level 1.7 Poison Magic
 - Level 3.0 Evocations


You had 11 spell levels left.
You knew the following spells:

 Your Spells              Type           Power        Failure   Level  Hunger
a - Shock                 Conj/Air       #...         98%         1    ##.....

Your spell library contained the following spells:

 Spells                   Type           Power        Failure   Level  Hunger
 Sting                    Conj/Pois      #...         95%         1    ##.....
 Corona                   Hex            #......      98%         1    ##.....
 Magic Dart               Conj           #...         98%         1    ##.....
 Summon Small Mammal      Summ           #...         98%         1    ##.....
 Blink                    Tloc           N/A          99%         2    ###....
 Call Imp                 Summ           #.......     99%         2    ###....
 Ensorcelled Hibernation  Hex/Ice        #.....       99%         2    ###....
 Poisonous Vapours        Pois/Air       #.....       99%         2    ###....
 Slow                     Hex            #.......     99%         2    ###....
 Call Canine Familiar     Summ           #.......     100%        3    ####...
 Confuse                  Hex            #.......     100%        3    ####...
 Conjure Flame            Conj/Fire      #.......     100%        3    ####...
 Dazzling Spray           Conj/Hex       #.....       100%        3    ####...
 Inner Flame              Hex/Fire       #.......     100%        3    ####...
 Mephitic Cloud           Conj/Pois/Air  #.......     100%        3    ####...
 Portal Projectile        Hex/Tloc       #.....       100%        3    ####...
 Static Discharge         Conj/Air       #.......     100%        3    ####...
 Summon Guardian Golem    Hex/Summ       #.......     100%        3    ####...
 Tukima's Dance           Hex            #.......     100%        3    ####...
 Cause Fear               Hex            #.........   100%        4    #####..
 Leda's Liquefaction      Hex/Erth       #.........   100%        4    #####..
 Olgreb's Toxic Radiance  Pois           #.......     100%        4    #####..
 Summon Ice Beast         Ice/Summ       #.......     100%        4    #####..
 Summon Lightning Spire   Summ/Air       #.......     100%        4    #####..
 Venom Bolt               Conj/Pois      #.........   100%        5    ######.


Dungeon Overview and Level Annotations

Branches:
Dungeon (15/15)            Temple (1/1) D:6            Lair (0/6) D:10
    Orc (0/2) D:12         Vaults (0/5) D:13         Depths (0/5) D:15

Altars:
Ashenzari
Cheibriados
Dithmenos
Elyvilon
Fedhas
Gozag
Hepliaklqana
Kikubaaqudgha
Makhleb
Nemelex Xobeh
Okawaru
Ru
Sif Muna
Trog
Vehumet
Wu Jian
Xom
Yredelemnul
The Shining One

Shops:
D:6 (   D:8 !   D:9 =%!*   D:12 ?=*[   D:13 (


Innate Abilities, Weirdness & Mutations

You have a pair of antennae on your head.
You are partially covered in large bone plates. (SH +4)
A weak demonic guardian rushes to your aid.
Your magical capacity is low. (-10% MP)
You are significantly more attuned to the shadows.
You are somewhat unskilled. (-1 Apt)


Message History

You shoot a bolt.
The bolt hits the catoblepas but does no damage.
The catoblepas is severely wounded.
The centaur warrior skeleton is engulfed in calcifying dust.
The centaur warrior skeleton is moving more slowly.
The centaur warrior skeleton hits you but does no damage.
The catoblepas breathes a plume of calcifying dust at you.
The blast of calcifying dust hits you but does no damage.
The centaur warrior skeleton is engulfed in calcifying dust.
The centaur warrior skeleton stops moving altogether!
The centaur warrior skeleton is engulfed in calcifying dust.
Firing (i - inventory. (/) - cycle)
b - 68 bolts (quivered)
Press: ? - help, Shift-Dir - straight line, f/p - catoblepas
Aim: a catoblepas (calcifying dust, severely wounded)
You shoot a bolt. The bolt hits the catoblepas!
The catoblepas is almost dead.
The catoblepas gores you!!
* * * LOW HITPOINT WARNING * * *
The catoblepas gores you!
You die...

#...........####..######...####
#...≈....≈...###........{..####
...(...........................
........(((..............5.....
#....D###....#...#########J.###
###..(# ##.###..§# #..# #§§(#
#..# #.§.# #..#
#..Y###.####§..# #..#
#..§§....(ZY@..## #####..###
.....§.....((D...... .....J....
.....§....#######... ####......
..........# ... #...###
............ W. #......
........... ......... ####.....
#..### #...


You could see a catoblepas, an eight-headed hydra and a centaur warrior skeleton
(petrified).

Vanquished Creatures
  3 centaur warriors
  4 two-headed ogres
  2 tengu warriors
  2 skeletal warriors (D:15)
  An unseen horror (D:11)
  A swamp dragon (D:9)
  Pikel (D:4)
  A phantasmal warrior (D:15)
  A necromancer (D:15)
  7 ugly things
  A manticore (D:13)
  A cyclops (D:15)
  A stone giant zombie (D:15)
  A frost giant skeleton (D:15)
  A spiny frog (shapeshifter) (D:13)
  3 trolls
  A rime drake (shapeshifter) (D:13)
  A gargoyle (D:10)
  A yaktaur (shapeshifter) (D:13)
  2 tengu conjurers
  A meliai (shapeshifter) (D:13)
  5 meliai
  A hornet (D:15)
  Prince Ribbit (D:8)
  A meliai zombie (D:15)
  A hippogriff (D:15)
  18 slime creatures
  2 spriggan zombies (D:15)
  13 yaks
  A wraith (D:15)
  2 basilisks (D:11)
  A human (D:9)
  3 wyverns
  2 hungry ghosts
  Eustachio (D:4)
  A steam dragon (D:15)
  Edmund (D:6)
  An acid dragon (D:15)
  2 slaves (D:4)
  A black bear (D:8)
  5 ice beasts
  2 sky beasts
  An eye of draining (D:9)
  2 necrophages (D:13)
  6 orc warriors
  7 ogres
  6 phantoms
  8 centaurs
  A crocodile (D:9)
  4 big kobolds
  7 bullfrogs
  A water moccasin zombie (D:8)
  2 scorpions
  4 killer bees (D:13)
  14 wights
  2 howler monkeys (D:12)
  5 crimson imps
  11 jellies
  A quasit (D:6)
  9 orc priests
  4 hounds
  A gnoll shaman (D:4)
  2 bullfrog skeletons
  A centaur skeleton (D:10)
  2 iguanas
  9 orc wizards
  7 worker ants
  Terence (D:2)
  A killer bee zombie (D:8)
  Robin (D:4)
  10 gnolls
  11 adders
  2 shadow imps
  6 oozes
  An adder zombie (D:10)
  7 worms
  2 dart slugs
  5 leopard geckos
  57 orcs
  A ball python (D:3)
  13 bats
  3 giant cockroaches
  9 goblins
  14 hobgoblins
  2 jackals (D:8)
  3 quokkas
  4 frilled lizards
  26 kobolds
  A quokka skeleton (D:6)
  2 rats (D:2)
401 creatures vanquished.

Vanquished Creatures (collateral kills)
  2 ugly things
  A salamander (shapeshifter) (D:13)
  A komodo dragon (D:10)
  2 slime creatures
  A wyvern (D:10)
  A human (D:9)
  A hungry ghost (D:7)
  An acid dragon (D:10)
  A sky beast (D:2)
  3 orc warriors
  A black bear (D:6)
  3 ogres
  A scorpion (D:8)
  A wight (D:10)
  An orc priest (D:3)
  A jelly (D:12)
  An orc wizard (D:7)
  An iguana (D:8)
  2 gnolls (D:4)
  A worm (D:4)
  5 orcs
  A giant cockroach (D:5)
  A hobgoblin (D:2)
  2 kobolds
  A frilled lizard (D:2)
  A rat (D:2)
38 creatures vanquished.

Vanquished Creatures (others)
  A meliai (D:15)
  2 slaves (D:4)
  A howler monkey (D:12)
  Ijyb (D:3)
  An orc wizard (D:12)
  10 plants (D:15)
  10 withered plants (D:15)
26 creatures vanquished.

Grand Total: 465 creatures vanquished

Notes
Turn   | Place    | Note
-------+----------+-------------------------------------------
     0 | D:1      | Chiseanne the Demonspawn Wanderer began the quest for the
                  | Orb.
     0 | D:1      | Chiseanne set off with the following items: a +2 hand
                  | crossbow, 25 bolts, a scroll of teleportation, a +0 robe, a
                  | +0 dagger, a ration; and the following spell memorised:
                  | Shock; and the following spells available to memorise:
                  | Static Discharge
     0 | D:1      | Reached XP level 1. HP: 18/18 MP: 1/1
   339 | D:1      | Gained mutation: A weak demonic guardian rushes to your
                  | aid. [demonic ancestry]
   339 | D:1      | Reached XP level 2. HP: 24/24 MP: 2/2
   648 | D:1      | Reached skill level 1 in Dodging
  1217 | D:2      | Reached XP level 3. HP: 29/29 MP: 3/3
  1441 | D:2      | Found an ornate altar of the Wu Jian Council.
  1495 | D:2      | Reached XP level 4. HP: 23/37 MP: 4/4
  1725 | D:2      | Noticed a sky beast
  1815 | D:2      | Noticed Terence
  1831 | D:2      | Killed a sky beast
  1831 | D:2      | Gained mutation: You are partially covered in large bone
                  | plates. (SH +4) [demonic ancestry]
  1831 | D:2      | Reached XP level 5. HP: 10/42 MP: 5/5
  2325 | D:2      | Killed Terence
  3071 | D:3      | Found a faded altar of an unknown god.
  3077 | D:3      | Noticed Ijyb
  3098 | D:3      | Killed Ijyb
  3439 | D:3      | Reached XP level 6. HP: 47/49 MP: 6/6
  3632 | D:3      | Found a shattered altar of Ashenzari.
  3952 | D:4      | Noticed Eustachio
  4006 | D:4      | Killed Eustachio
  4006 | D:4      | Reached skill level 1 in Evocations
  4312 | D:4      | Gained mutation: You are slightly more attuned to the
                  | shadows. [demonic ancestry]
  4312 | D:4      | Reached XP level 7. HP: 55/55 MP: 8/8
  4326 | D:4      | Noticed Robin
  4328 | D:4      | Killed Robin
  4565 | D:4      | Reached skill level 5 in Fighting
  4795 | D:4      | Noticed Pikel
  4819 | D:4      | Killed Pikel
  4819 | D:4      | Reached XP level 8. HP: 63/63 MP: 8/10
  5335 | D:5      | Entered Level 5 of the Dungeon
  6690 | D:6      | Found Afuagel's Weapon Shop.
  6722 | D:6      | Noticed Edmund
  6741 | D:6      | Killed Edmund
  6784 | D:6      | Reached skill level 5 in Dodging
  6927 | D:6      | Gained mutation: You have a pair of small antennae on your
                  | head. [demonic ancestry]
  6927 | D:6      | Reached XP level 9. HP: 71/71 MP: 11/11
  7018 | D:6      | Found a staircase to the Ecumenical Temple.
  7297 | D:6      | Found an ancient bone altar of Kikubaaqudgha.
  7642 | Temple   | Entered the Ecumenical Temple
  7764 | Temple   | Became a worshipper of Ru the Awakened
  7830 | D:6      | Found a radiant altar of Vehumet.
  7834 | D:6      | Found a shimmering blue altar of Sif Muna.
  7838 | D:6      | Identified Vehumet's Volume of Attacks
  8036 | D:7      | Found a shadowy altar of Dithmenos.
  8150 | D:7      | Reached skill level 5 in Stealth
  8215 | D:7      | Reached skill level 5 in Armour
  8734 | D:8      | Found Xifadaorch's Distillery.
  8740 | D:8      | Identified a scroll of acquirement
  8742 | D:8      | Bought a potion of berserk rage for 65 gold pieces
  8742 | D:8      | Bought a potion of invisibility for 104 gold pieces
  8742 | D:8      | Bought a potion of might for 52 gold pieces
  8742 | D:8      | Bought a potion of heal wounds for 65 gold pieces
  8742 | D:8      | Bought a potion of heal wounds for 65 gold pieces
  8742 | D:8      | Bought a potion of agility for 52 gold pieces
  8742 | D:8      | Bought a potion of heal wounds for 65 gold pieces
  8742 | D:8      | Bought a potion of curing for 39 gold pieces
  8767 | D:8      | Noticed Prince Ribbit
  8774 | D:8      | Killed Prince Ribbit
  8819 | D:8      | Gained mutation: Your magical capacity is low. (-10% MP)
                  | [Ru sacrifice]
  9567 | D:8      | Found a shimmering altar of Xom.
  9713 | D:9      | Noticed Maurice
  9715 | D:9      | Gained mutation: You are significantly more attuned to the
                  | shadows. [demonic ancestry]
  9715 | D:9      | Reached XP level 10. HP: 80/80 MP: 11/11
  9721 | D:9      | Noticed Maurice
  9721 | D:9      | Maurice changed into Maurice the worm
  9725 | D:9      | Killed Maurice the worm
  9813 | D:9      | Reached skill level 1 in Axes
 10351 | D:9      | Found an iron altar of Okawaru.
 10399 | D:9      | Found a blossoming altar of Fedhas.
 10462 | D:9      | Found Wefrotovoo's Assorted Antiques.
 10466 | D:9      | Bought a bubbling coppery potion for 27 gold pieces
 10466 | D:9      | Bought a potion of curing for 93 gold pieces
 10466 | D:9      | Bought a scroll of magic mapping for 108 gold pieces
 10582 | D:9      | Found Suulal's Distillery.
 10585 | D:9      | Bought a potion of curing for 39 gold pieces
 10585 | D:9      | Bought 2 potions of heal wounds for 130 gold pieces
 10585 | D:9      | Bought a potion of haste for 130 gold pieces
 10585 | D:9      | Bought a potion of curing for 39 gold pieces
 10585 | D:9      | Bought a potion of agility for 52 gold pieces
 10666 | D:9      | Noticed a two-headed ogre
 10678 | D:9      | Noticed a swamp dragon
 10678 | D:9      | a two-headed ogre changed into a swamp dragon
 10700 | D:9      | Killed a swamp dragon
 10768 | D:9      | Found Goucet's Food Shoppe.
 10799 | D:9      | Found an opulent altar of Gozag.
 10852 | D:9      | Found a burning altar of Makhleb.
 11199 | D:9      | Found Efoes Ben's Jewellery Boutique.
 11242 | D:10     | Entered Level 10 of the Dungeon
 11337 | D:10     | Noticed a gargoyle
 11354 | D:10     | Killed a gargoyle
 11622 | D:10     | Gained mutation: You are somewhat unskilled. (-1 Apt) [Ru
                  | sacrifice]
 11622 | D:10     | Reduced skill Poison Magic to level 1
 11622 | D:10     | Reached * piety under Ru
 11622 | D:10     | Reached ** piety under Ru
 11663 | D:10     | Noticed a green ugly thing
 11684 | D:10     | Killed a green ugly thing
 11744 | D:10     | Reached XP level 11. HP: 21/84 MP: 11/11
 12716 | D:10     | Found a shattered altar of Ashenzari.
 12804 | D:10     | Found a staircase to the Lair.
 13163 | D:11     | Killed an unseen horror
 13163 | D:11     | Reached skill level 1 in Shields
 13347 | D:11     | Noticed a purple ugly thing
 13361 | D:11     | Killed a purple ugly thing
 13647 | D:11     | Noticed a white ugly thing
 13660 | D:11     | Killed a white ugly thing
 13957 | D:11     | Noticed a white ugly thing
 13968 | D:11     | Killed a white ugly thing
 14063 | D:11     | Noticed a two-headed ogre
 14071 | D:11     | Killed a two-headed ogre
 14374 | D:11     | Reached skill level 5 in Axes
 14597 | D:12     | Found Iqeutoan's Jewellery Shoppe.
 14709 | D:12     | Noticed a two-headed ogre
 14718 | D:12     | Killed a two-headed ogre
 14832 | D:12     | Noticed a white ugly thing
 14846 | D:12     | Killed a white ugly thing
 15068 | D:12     | Noticed a two-headed ogre
 15093 | D:12     | Killed a two-headed ogre
 15115 | D:12     | Found a staircase to the Orcish Mines.
 15509 | D:12     | Found Fukuagel's Magic Scroll Boutique.
 15514 | D:12     | Bought a scroll of blinking for 97 gold pieces
 15514 | D:12     | Bought a scroll of identify for 26 gold pieces
 15514 | D:12     | Bought a scroll of fog for 26 gold pieces
 15622 | D:12     | Found Nialol's Armour Shoppe.
 15862 | D:12     | Found Negha's Assorted Antiques.
 16254 | D:12     | Found a burning altar of Makhleb.
 16569 | D:13     | Reached XP level 12. HP: 88/91 MP: 12/12
 16593 | D:13     | Found a gate to the Vaults.
 16819 | D:13     | Noticed a seven-headed hydra
 17264 | D:13     | Found Plog's Antique Weapon Shop.
 17552 | D:13     | Noticed a centaur warrior
 17561 | D:13     | Killed a centaur warrior
 17599 | D:13     | Noticed a tengu warrior
 17614 | D:13     | Killed a tengu warrior
 17888 | D:13     | You fall into a shaft and drop 2 floors!
 17888 | D:15     | Entered Level 15 of the Dungeon
 17921 | D:15     | Noticed a two-headed ogre
 17930 | D:15     | Killed a two-headed ogre
 18181 | D:15     | Reached skill level 5 in Shields
 20130 | D:15     | Noticed a centaur warrior
 20158 | D:15     | Killed a centaur warrior
 20350 | D:15     | Noticed a tengu warrior
 20378 | D:15     | Killed a tengu warrior
 20674 | D:15     | Gained mutation: You have a pair of antennae on your head.
                  | [demonic ancestry]
 20674 | D:15     | Reached XP level 13. HP: 87/96 MP: 13/13
 21044 | D:15     | Found a staircase to the Depths.
 22239 | D:14     | Mangled by a catoblepas

Levels and vault maps discovered:
D:1:      dpeg_chamrin_arrival_tetris, layout_loops_ring
D:2:      layout_loops_ring, marbit_many_paths, uniq_terence
D:3:      layout_rooms, ashenzari_conservatory_becter,
          chequers_ecumenical_altar_island, minmay_misc_feat_nine_boxes,
          chequers_serial_rivers_large_a, uniq_ijyb
D:4:      layout_loops_ring, first_ration, uniq_eustachio, uniq_pikel,
          uniq_robin
D:5:      kb_forest_paths, layout_basic
D:6:      layout_gridville, grunt_temple_overflow_magic_moments,
          minmay_temple_entry_glassed_door, serial_shops, nicolae_shop_crystal,
          uniq_edmund
D:7:      layout_loops_cross, grunt_dithmenos_shadows
D:8:      layout_loops_ring, serial_shops, shop, basic_altar,
          uniq_prince_ribbit1
D:9:      layout_basic, okawaru_humans, grunt_gozag_statues,
          makhleb_grotto_becter, serial_shops, nicolae_shop_behind_doors, shop,
          nicolae_shop_behind_doors, shop, hangedman_little_slice_of_home,
          fedhas_altar_1, uniq_maurice
D:10:     layout_loops_ring, erik_lair_dragon, basic_altar
D:11:     layout_stronghold
D:12:     layout_basic, david_orc_3, serial_shops, nicolae_shop_stone, shop,
          nicolae_shop_overgrown_old_shop, nicolae_shop_trees,
          david_defended_altar_orc
D:13:     layout_cave_pods, david_vaults_2, serial_shops, shop
D:14:     layout_long_grid, serial_shops, shop, minmay_holes, skrybe_limestone_x
D:15:     gammafunk_depths_entry_grave, layout_loops_corners,
          minmay_crystal_room, serial_bayou_pond_c, lemuel_flamethrower_2
Temple:   nicolae_temple_figure_eight

Skill      XL: |  1  2  3  4  5  6  7  8  9 10 11 12 13 |
---------------+----------------------------------------+-----
Dodging        | 1 2 3 4 5 6 7 |  7.3
Crossbows      | 2 3 |  3.2
Fighting       | 4 5 6 7 |  7.0
Armour         | 2 3 4 5 6 7 9 |  9.6
Evocations     | 1 2 3 |  3.0
Stealth        | 3 4 6 7 8 9 |  9.7
Axes           | 3 5 7 |  7.8
Transmutations | 0 |  0.8
Poison Magic   | 1 |  1.7
Shields        | 3 5 6 |  6.4

Action                   |  1- 3 |  4- 6 |  7- 9 | 10-12 | 13-15 || total
-------------------------+-------+-------+-------+-------+-------++-------
Melee: Short sword       |    73 |   166 |    23 |       |       ||   262
       Hand axe          |       |       |   206 |   789 |   132 ||  1127
       Long sword        |       |       |     7 |    12 |       ||    19
       Falchion          |       |       |       |     2 |       ||     2
       Mace              |       |       |       |       |     1 ||     1
 Fire: Hand crossbow     |    39 |    60 |   152 |    94 |    26 ||   371
Throw: Dart              |       |     9 |     1 |     6 |       ||    16
       Boomerang         |       |       |       |     4 |     9 ||    13
Invok: Sacrifice Essence |       |       |     1 |       |       ||     1
       Sacrifice Skill   |       |       |       |     1 |       ||     1
       Reject Sacrifices |       |       |       |     1 |       ||     1
Evoke: Wand              |       |       |     2 |    20 |     2 ||    24
       Lamp of fire      |       |       |       |       |     1 ||     1
  Use: Scroll            |     2 |     4 |    17 |     7 |       ||    30
       Potion            |       |     1 |       |    13 |       ||    14
 Stab: Sleeping          |     4 |     1 |     5 |    25 |     1 ||    36
       Invisible         |       |     1 |       |     5 |       ||     6
       Distracted        |       |       |     1 |    10 |     2 ||    13
       Paralysed         |       |       |       |     3 |       ||     3
       Confused          |       |       |       |     2 |       ||     2
  Eat: Chunk             |     2 |     9 |    20 |    27 |       ||    58
       Ration            |       |       |       |     3 |     2 ||     5
Armor: Robe              |    31 |     7 |       |       |       ||    38
       Scale mail        |       |    59 |   141 |   177 |       ||   377
       Chain mail        |       |       |       |   140 |    47 ||   187
Dodge: Dodged            |    61 |    61 |   148 |   401 |    25 ||   696
Block: Other             |       |    27 |    39 |    35 |       ||   101
       Buckler           |       |       |       |   233 |    30 ||   263
       Rpst.: Long sword |       |       |     2 |     3 |       ||     5
